 Dungeon Crawl Stone Soup version 0.19.0-2-gae57169 (webtiles) character file.

118 Medar the Sneak (level 4, 0/30 HPs)
             Began as a Vampire Enchanter on Nov 4, 2016.
             Was an Initiate of Ru.
             Slain by an iron imp (11 damage)
             ... summoned by Natasha
             ... on level 2 of the Dungeon.
             The game lasted 00:11:52 (2240 turns).

Medar the Sneak (Vampire Enchanter)                 Turns: 2240, Time: 00:11:53

Health: 0/30       AC:  3    Str:  7    XL:     4   Next: 72%
Magic:  0/7        EV: 12    Int: 23    God:    Ru [......]
Gold:   94         SH:  0    Dex: 14    Spells: 3 memorised, 1 level left

rFire  . . .     SeeInvis +     a - +1 dagger
rCold  . . .     Gourm    .     b - +1 robe
rNeg   + . .     Faith    .     (no shield)
rPois  .         Spirit   .     (no helmet)
rElec  .         Reflect  .     (no cloak)
rCorr  .         Harm     .     (no gloves)
MR     .....                    (no boots)
Stlth  +++.......               (no amulet)
                                (no ring)
                                (no ring)

@: brilliant, slowed, very slow
A: fangs 3, see invisible, unbreathing
a: Bat Form, Renounce Religion


You were on level 2 of the Dungeon.
You worshipped Ru.
Ru was noncommittal.
You were not thirsty.

You visited 1 branch of the dungeon, and saw 2 of its levels.

You collected 94 gold pieces.

Inventory:

Hand Weapons
 a - a +1 dagger (weapon)
 h - a +2 short sword of speed
 l - a +3 short sword
Missiles
 g - 17 poisoned needles
Armour
 b - a +1 robe (worn)
Scrolls
 f - a scroll of teleportation {unknown}
 m - a scroll of remove curse {unknown}
 p - a scroll of blinking {unknown}
 q - a scroll of random uselessness {unknown}
Potions
 d - 14 potions of blood
 e - a potion of flight
 k - a potion of haste {unknown}
 n - 2 potions of magic
 o - a potion of mutation {unknown}
Books
 c - a book of Maledictions

   Spells                             Type                      Level
   a - Corona                         Hexes                        1
   b - Ensorcelled Hibernation        Hexes/Ice                    2
   c - Confuse                        Hexes                        3
   d - Tukima's Dance                 Hexes                        3
   e - Dazzling Spray                 Conjuration/Hexes            3


   Skills:
 * Level 3.5 Short Blades
 - Level 2.1 Dodging
 + Level 5.8 Stealth
 - Level 2.0 Spellcasting
 + Level 5.1 Hexes
 - Level 1.1 Ice Magic


You had one spell level left.
You knew the following spells:

 Your Spells              Type           Power        Failure   Level  Hunger
a - Confuse               Hex            #####...     1%          3    ###....
d - Ensorcelled Hibernat  Hex/Ice        ####..       1%          2    ##.....
s - Corona                Hex            #####..      1%          1    #......


Dungeon Overview and Level Annotations

Branches:
Dungeon (2/15)

Altars:
Ru

Annotations:
D:2 Natasha


Innate Abilities, Weirdness & Mutations

You have razor-sharp teeth.
You have supernaturally acute eyesight. (SInv)
You can survive without breathing.


Message History

You don't have enough magic to cast that spell.
Okay, then.
It was a potion of curing.
You feel better. Natasha closely misses you. The iron imp hits you!
Natasha claws you!
It was a potion of brilliance.
You feel clever all of a sudden.
The iron imp hits you but does no damage.
Natasha stares at you and mumbles some strange words.
You resist with some effort.
Casting: Ensorcelled Hibernation
Confirm with . or Enter, or press ? or * to list all spells.
Aiming: Ensorcelled Hibernation
Press: ? - help, Shift-Dir - straight line, f/p - Natasha
Aim: Natasha (chance to defeat MR: 59%) Natasha resists with significant effort.
Natasha wildly gestures.
You feel disoriented. Natasha claws you. The iron imp barely misses you.
Natasha misses you. The iron imp hits you!
You die...

########.#
#...........########
.........###.####..#####
#####..>.....# #..# ###
......######## #..# ...#
####### #.###..#####...#
######
#.........#...####
..(..# #5#h............#
####.# ##@..............
#.# # #.#.#...........
#.# #.. .#.##..........#
#.# #.# #.# ###........#
#.# #.# #.# #........#
##.## #.###.#
#.....รท.##
#...###..##.# ####.####
#.#.........########.#


You could see an iron imp and Natasha.

Vanquished Creatures
  Natasha (D:2)
  2 adders (D:2)
  2 gnolls
  An ooze (D:1)
  A worm (D:2)
  2 dart slugs (D:1)
  A leopard gecko (D:1)
  2 giant cockroaches
  4 goblins
  5 hobgoblins (D:1)
  3 jackals (D:2)
  4 kobolds (D:1)
  A quokka (D:2)
  2 ball pythons (D:1)
  7 bats
  A frilled lizard (D:1)
  8 rats
47 creatures vanquished.

Notes
Turn   | Place    | Note
-------+----------+-------------------------------------------
     0 | D:1      | Medar the Vampire Enchanter began the quest for the Orb.
     0 | D:1      | Reached XP level 1. HP: 13/13 MP: 3/3
   597 | D:1      | Reached XP level 2. HP: 6/19 MP: 1/5
   825 | D:1      | Reached skill level 5 in Stealth
   919 | D:1      | Learned a level 2 spell: Ensorcelled Hibernation
  1053 | D:1      | Reached skill level 1 in Ice Magic
  1130 | D:1      | Reached XP level 3. HP: 22/24 MP: 3/6
  1544 | D:2      | Learned a level 3 spell: Confuse
  1584 | D:2      | Reached XP level 4. HP: 29/30 MP: 5/7
  1717 | D:2      | Found a sacrificial altar of Ru.
  1725 | D:2      | Became a worshipper of Ru the Awakened
  2147 | D:2      | Noticed Natasha
  2150 | D:2      | Killed Natasha
  2150 | D:2      | Reached skill level 5 in Hexes
  2231 | D:2      | Noticed Natasha
  2240 | D:2      | Slain by an iron imp

Skill      XL: |  1  2  3  4 |
---------------+-------------+-----
Short Blades   | 2 3 |  3.5
Stealth        | 5 |  5.8
Ice Magic      | 1 |  1.1
Hexes          | 5 |  5.1
Dodging        | |  2.1
Spellcasting   | |  2.0

Action                   |  1- 3 |  4- 6 || total
-------------------------+-------+-------++-------
Melee: Dagger            |    94 |    26 ||   120
       Bite              |     8 |     5 ||    13
 Cast: Corona            |    12 |       ||    12
       Ensorcelled Hiber |    11 |     8 ||    19
  Use: Potion            |       |     6 ||     6
       Scroll            |       |     3 ||     3
 Stab: Sleeping          |    18 |     6 ||    24
Armor: Robe              |    27 |     9 ||    36
Dodge: Dodged            |    57 |    24 ||    81
